 Dungeon Crawl Stone Soup version 0.31-a0-774-g0d66cbabe8 (webtiles) character file.

Game seed: 3570300094639562172

33 cforsyth the Sneak (level 3, 0/45 HPs)
             Began as a Djinni Delver on Sept 17, 2023.
             Slain by a human zombie (2 damage)
             ... in an ossuary.
             The game lasted 00:01:06 (187 turns).

cforsyth the Sneak (Djinni Delver)                   Turns: 187, Time: 00:01:07

Health: 0/45       AC:  3    Str: 11    XL:     3   Next: 47%
Gold:   0          EV: 12    Int: 13    God:
                   SH:  0    Dex: 14

rFire   + + .        a - +0 falchion
rCold   x . .        (no shield)
rNeg    . . .        b - +0 leather armour
rPois   ∞            (no helmet)
rElec   .            (no cloak)
rCorr   .            (no gloves)
SInv    .            (boots unavailable)
Will    .....        (no amulet) Stlth
                     (no ring)
HPRegen 0.27/turn    (no ring)
MPRegen 0.00/turn

%: infuse magic (-1 HP)
@: brilliant, berserking, flying, very quick
A: sickness immunity, fire resistance 2, cold vulnerability 1, float, innate
caster, HP casting, extra vitality 1
a: no special abilities


You were in an ossuary.
You visited 1 branch of the dungeon, and saw 2 of its levels.
You also visited: Ossuary.

Inventory:

Hand Weapons
 a - a +0 falchion (weapon)
Armour
 b - a +0 leather armour (worn)
Wands
 g - a wand of digging (3)
Scrolls
 c - a scroll of fog
 d - a scroll of revelation
 e - a scroll of fear
Potions
 f - a potion of haste
 j - a potion of mutation


   Skills:
 + Level 3.6 Fighting
 - Level 1.7 Long Blades
 - Level 2.1 Dodging
 - Level 4.1 Stealth
 + Level 1.2 Spellcasting
 + Level 1.2 Conjurations
 + Level 1.2 Hexes
   Level 0.0 Charms
 + Level 1.2 Summonings
 + Level 1.2 Necromancy
 + Level 1.2 Translocations
 + Level 1.2 Transmutations
 + Level 1.2 Fire Magic
 + Level 1.2 Ice Magic
 + Level 1.2 Air Magic
 + Level 1.2 Earth Magic
 + Level 1.2 Poison Magic


You knew the following spells:

 Your Spells              Type           Power      Damage    Failure   Level
a - Necrotise             Necr           24%        1d5       22%         1
Your spell library was empty.

Dungeon Overview and Level Annotations

Branches:
Dungeon (5/15)            Ossuary (1/1)
 Temple: D:4-7

Altars:


Innate Abilities, Weirdness & Mutations

You are immune to sickness and miasma.
You are immune to poison.
Your flesh is very heat resistant. (rF++)
You are vulnerable to cold. (rC-)
You float through the air rather than walking.
You learn spells naturally, not from books.
Your magical power is your life essence.
You have superior vitality. (+4 MHP)


Message History

The human zombie hits you!
You are too injured to fight recklessly!
You are too injured to fight recklessly!
You are too injured to fight recklessly!
You are too injured to fight recklessly!
You are too injured to fight recklessly!
You are too injured to fight recklessly!
You are too injured to fight recklessly!
You are too injured to fight recklessly!
You hit the human zombie.
The human zombie is heavily damaged.
The human zombie hits you.
* * * LOW HITPOINT WARNING * * *
You closely miss the human zombie.
The human zombie is heavily damaged.
The human zombie hits you.
* * * LOW HITPOINT WARNING * * *
Casting: Necrotise (safe; 22% risk of failure)
Confirm with . or Enter, or press ? or * to list all spells.
Okay, then.
It was a potion of brilliance.
You feel clever all of a sudden. The human zombie closely misses you.
It was a potion of berserk rage.
A red film seems to cover your vision as you go berserk!
You feel yourself moving faster!
You feel mighty!
You hit the human zombie.
The human zombie is heavily damaged.
The human zombie hits you.
* * * LOW HITPOINT WARNING * * *
You closely miss the human zombie.
The human zombie is heavily damaged.
The human zombie hits you.
* * * LOW HITPOINT WARNING * * *
You slash the human zombie!
The human zombie is severely damaged.
You hit the human zombie.
The human zombie is almost destroyed.
The human zombie hits you.
You die...

##### #.!.# #!..#
##.## ###+###
#.### ##.....##
##.@Z#
##.......###..###
#.........#...+
+....⌠....'...#
#.........#...+
##.......###..#
##.....## ##.+
###'### #.# #.#
#.#


You could see a human zombie.

Vanquished Creatures
  A hound (D:4)
  A dart slug (D:4)
  A goblin (D:4)
3 creatures vanquished.

Notes
Turn   | Place    | Note
-------+----------+-------------------------------------------
     0 | D:5      | cforsyth the Djinni Delver began the quest for the Orb.
     0 | D:5      | Reached XP level 1. HP: 20/20 MP: 0/0
     9 | D:5      | Noticed a sleepcap
    12 | D:5      | Noticed a quasit
    12 | D:4      | Noticed a hound
    17 | D:4      | Killed a hound
    18 | D:4      | Reached skill level 1 in Spellcasting
    18 | D:4      | Reached skill level 1 in Conjurations
    18 | D:4      | Reached skill level 1 in Hexes
    18 | D:4      | Reached skill level 1 in Summonings
    18 | D:4      | Reached skill level 1 in Necromancy
    18 | D:4      | Reached skill level 1 in Translocations
    18 | D:4      | Reached skill level 1 in Transmutations
    18 | D:4      | Reached skill level 1 in Fire Magic
    18 | D:4      | Reached skill level 1 in Ice Magic
    18 | D:4      | Reached skill level 1 in Air Magic
    18 | D:4      | Reached skill level 1 in Earth Magic
    18 | D:4      | Reached skill level 1 in Poison Magic
    18 | D:4      | Reached XP level 2. HP: 17/25 MP: 0/0
    18 | D:4      | Reached XP level 3. HP: 21/30 MP: 0/0
    18 | D:4      | Learned a level 1 spell: Necrotise
    38 | D:4      | Noticed a phantom
   133 | D:4      | Found a sand-covered staircase.
   140 | Ossuary  | Entered an ossuary
   184 | Ossuary  | HP: 2/45 [human zombie (3)]
   187 | Ossuary  | Slain by a human zombie

Illustrated notes

Levels and vault maps discovered:
D:4:      layout_basic, mainiacjoe_overflow_two_lobes,
          chequers_ossuary_entry_cave, chequers_serial_rivers_micro_c
D:5:      layout_basic, mainiacjoe_overflow_24_doors,
          minmay_temple_entry_sparse_star, serial_demonic, serial_demonic_e,
          serial_demonic_f, serial_demonic_b, serial_demonic_a,
          minmay_misc_feat_secret_circle
Ossuary:  ossuary_crypta

Skill      XL: |  1 |
---------------+----+-----
Spellcasting   | 1 |  1.2
Conjurations   | 1 |  1.2
Hexes          | 1 |  1.2
Summonings     | 1 |  1.2
Necromancy     | 1 |  1.2
Translocations | 1 |  1.2
Transmutations | 1 |  1.2
Fire Magic     | 1 |  1.2
Ice Magic      | 1 |  1.2
Air Magic      | 1 |  1.2
Earth Magic    | 1 |  1.2
Poison Magic   | 1 |  1.2
Fighting       | |  3.6
Long Blades    | |  1.7
Dodging        | |  2.1
Stealth        | |  4.1

Action                     || total
---------------------------++-------
  Melee: Falchion          ||    25
    Use: Potion            ||     2
   Stab: Sleeping          ||     1
 Armour: Leather armour    ||    17
  Dodge: Dodged            ||    10

Table legend: (Time is in decaauts)
 A = Elapsed time spent in this place.
 B = Non-inter-level travel time spent in this place.
 C = Inter-level travel time spent in this place.
 D = Time resting spent in this place.
 E = Time spent auto-exploring this place.
 F = Levels seen in this place.
 G = Mean time per level.
                   A        B        C        D        E       F      G
               +--------+--------+--------+--------+--------+-----+--------+
         Total |    190 |    190 |      0 |      0 |     30 |   3 |   63.3 |
       Dungeon |    141 |    141 |      0 |      0 |      8 |   2 |   70.5 |
       Ossuary |     48 |     48 |      0 |      0 |     22 |   1 |   48.0 |
               +--------+--------+--------+--------+--------+-----+--------+

Top non-repeatable levels by time:
     D:4: 129 daAuts
 Ossuary: 48 daAuts
     D:5: 12 daAuts
